 Dungeon Crawl Stone Soup version 0.18.1-48-g4cf74bf (webtiles) character file.

159853 rjaguar3 the Shatterer (level 17, -3/149 HPs)
             Began as a Minotaur Berserker on June 26, 2016.
             Was a High Priest of Trog.
             Slain by a spriggan rider
             ... wielding a +2 spear of freezing
              (6 damage)
             ... on level 4 of the Swamp on June 28, 2016.
             The game lasted 02:42:21 (34109 turns).

rjaguar3 the Shatterer (Minotaur Berserker)        Turns: 34109, Time: 02:42:22

Health: -3/149     AC: 18    Str: 22    XL:     17   Next: 17%
Magic:  7/7        EV: 18    Int:  4    God:    Trog [*****.]
Gold:   1727       SH:  5    Dex: 20    Spells: 0 memorised, 16 levels left

rFire  + . .     SeeInvis .     U - +9 dire flail (antimagic)
rCold  . . .     Gourm    .     w - +6 scale mail {rPois}
rNeg   . . .     Faith    .     (shield currently unavailable)
rPois  +         Spirit   .     (helmet restricted)
rElec  .         Dismiss  .     (no cloak)
rCorr  .         Reflect  +     G - +0 pair of gloves
SustAt .         Harm     .     B - +0 pair of boots
MR     +++..                    V - +5 amulet of reflection
Stlth  ..........               m - +3 ring of dexterity
                                P - ring of protection from fire

@: lethally poisoned (-3 -> -3), exhausted, regenerating, slowed, very slow,
extremely resistant to hostile enchantments, extremely unstealthy
A: retaliatory headbutt, horns 2, frail 1
a: Berserk, Trog's Hand, Brothers in Arms, Burn Spellbooks, Renounce Religion


You were on level 4 of the Swamp.
You worshipped Trog.
Trog was extremely pleased with you.
You were hungry.

You visited 4 branches of the dungeon, and saw 28 of its levels.
You also visited: Bailey.

You collected 2911 gold pieces.
You spent 1184 gold pieces at shops.

Inventory:

Hand Weapons
 E - a +0 blowgun
 O - a +2 greatsling of freezing
 Q - the +11 morningstar of the Original Sin {holy, Int+3}
   (Trog gifted it to you on level 12 of the Dungeon)

   It has been blessed by the Shining One to cause great damage to the undead
   and demons.
   It affects your intelligence (+3).
 U - a +9 antimagic dire flail (weapon)
Missiles
 a - 5 javelins of penetration (quivered)
 d - 17 tomahawks
 l - 8 curare-tipped needles
 n - 265 sling bullets
 F - 82 poisoned needles
Armour
 w - a +6 scale mail of poison resistance (worn)
 B - a +0 pair of boots (worn)
 G - a +0 pair of gloves (worn)
Jewellery
 b - an uncursed ring of positive energy
 m - a +3 ring of dexterity (right hand)
 y - an uncursed ring of resist corrosion
 M - an uncursed ring of flight
 P - a ring of protection from fire (left hand)
 V - a +5 amulet of reflection (around neck)
Wands
 t - a wand of lightning (6/15)
 x - a wand of teleportation (3/9)
 z - a wand of flame (13/48)
 I - a wand of polymorph (14/24)
 K - a wand of digging (9/24)
 T - a wand of iceblast (12/15)
 Z - a wand of enslavement (5/24)
Scrolls
 e - 11 scrolls of identify
 h - 6 scrolls of teleportation
 k - 2 scrolls of summoning
 o - 8 scrolls of remove curse
 s - 7 scrolls of magic mapping
 u - 8 scrolls of enchant weapon
 A - a scroll of fear
 C - 5 scrolls of fog
 J - a scroll of recharging
 L - 2 scrolls of blinking
 W - 2 scrolls of enchant armour
Potions
 f - 16 potions of curing
 i - 8 potions of haste
 q - 3 potions of heal wounds
 r - 3 potions of might
 v - a potion of ambrosia
 H - a potion of resistance
 R - 2 potions of agility
 S - 3 potions of magic
 X - 2 potions of cancellation
Miscellaneous
 Y - a sack of spiders
Comestibles
 c - 17 bread rations
 g - 5 slices of pizza
 j - 10 meat rations
 p - 5 royal jellies
 D - 5 chunks of flesh
 N - 15 fruits


   Skills:
 * Level 18.8 Fighting
 * Level 21.9 Maces & Flails
 + Level 1.4(4.1) Slings
 + Level 5.6(5.7) Throwing
 + Level 12.1 Armour
 + Level 10.1 Dodging
 * Level 10.1 Evocations


You had 16 spell levels left.
You didn't know any spells.

Dungeon Overview and Level Annotations

Branches:
Dungeon (14/15)            Temple (0/1) D:7            Lair (8/8) D:8
  Swamp (4/4) Lair:5       Spider (0/4) Lair:6        Slime (0/6) Lair:7
    Orc (2/2) D:10            Elf (0/3) Orc:2        Vaults (0/5) D:13

Altars:
Ashenzari
Dithmenos
Elyvilon
Kikubaaqudgha
Nemelex Xobeh
Okawaru
Pakellas
Sif Muna
Trog
Xom
Zin
Jiyva

Shops:
D:9 :   D:12 ?   Orc:2 ?}![

Portals:
Pandemonium: Orc:2

Annotations:
D:9 exclusion: downstairs
D:14 exclusions: ice statue and obsidian statue
Swamp:3 raph's ghost, adept MiFi


Innate Abilities, Weirdness & Mutations

You reflexively headbutt those who attack you in melee.
You have a pair of horns on your head.
You are frail (-10% HP).


Message History

The seven-headed hydra barely misses you.
The seven-headed hydra bites you!
* * * LOW HITPOINT WARNING * * *
The spriggan rider hits you from afar with a spear of freezing!
* * * LOW HITPOINT WARNING * * *
The spriggan rider freezes you.
* * * LOW HITPOINT WARNING * * *
You continue eating.
You feel sick.
The seven-headed hydra barely misses you.
The seven-headed hydra bites you!
* * * LOW HITPOINT WARNING * * *
The seven-headed hydra closely misses you.
The seven-headed hydra misses you. The seven-headed hydra bites you.
* * * LOW HITPOINT WARNING * * *
The seven-headed hydra closely misses you.
The seven-headed hydra bites you!
* * * LOW HITPOINT WARNING * * *
The spriggan rider hits you from afar with a spear of freezing.
You die...

..§...≈≈..≈..≈≈≈.....≈....♣
?§.8....≈.≈.≈..§..≈.≈...≈.♣
†§8..≈..≈#≈§≈...≈.≈.......♣
#...#'###.≈....≈≈≈≈≈≈.≈≈..♣
P8..... #......§.≈≈≈♣≈..♣♣
....#... #..≈...≈♣≈≈≈♣.≈≈♣
..8.# .. #....≈.♣≈≈≈≈≈♣≈.♣
.§≈. . #.....≈♣≈≈≈≈≈≈.§♣
.#### #≈...§@.≈≈≈≈≈≈≈.♣ .≈
#.§.§≈†.D♣≈≈≈≈..≈♣
≈...≈..(§i.♣≈♣....♣
≈≈.§.≈...≈))...≈.♣♣
..≈≈..≈...≈....≈..
.....≈≈.≈≈......≈≈
≈....≈.≈.≈..≈.≈≈..
.....≈≈.....≈...♣
≈.≈§≈..≈≈♣...≈.≈


You could see a seven-headed hydra and a spriggan rider.

Vanquished Creatures
  the Lernaean hydra (Swamp:3)
  Rupert (Lair:8)
  4 thorn hunters
  Aizul (Swamp:4)
  A very ugly thing (Swamp:4)
  Azrael (D:14)
  An ettin (Orc:1)
  16 hydras
  4 catoblepae
  A centaur warrior (D:14)
  2 ghost crabs
  2 dancing weapons (D:13)
  10 alligators
  21 death yaks
  A tengu warrior (D:14)
  Urug (D:10)
  5 orc high priests
  Sonja (D:14)
  7 spriggans
  An unseen horror (D:14)
  3 spriggan druids
  A gelid demonspawn (Orc:2)
  A torturous demonspawn (Orc:2)
  A deep elf archer (Orc:2)
  A lindwurm (Lair:5)
  2 shambling mangroves
  A putrid demonspawn (Orc:2)
  10 swamp dragons
  2 hill giants
  2 hornets
  9 orc knights
  8 ugly things
  8 orc sorcerers (Orc:2)
  A griffon (D:13)
  A manticore (D:11)
  4 cyclopes
  6 black mambas
  Joseph (D:10)
  3 centaur zombies
  A gargoyle (D:13)
  15 elephants
  14 spiny frogs
  A torpor snail (Lair:6)
  3 kobold demonologists
  5 komodo dragons
  3 rime drakes
  A tengu conjurer (D:14)
  A queen bee (D:12)
  4 trolls
  Prince Ribbit (D:5)
  5 giant leeches
  3 two-headed ogres
  A polar bear (Lair:3)
  15 blink frogs
  23 slime creatures
  10 bog bodies
  2 centaur simulacra (D:14)
  9 redbacks (Lair:6)
  A ynoxinul (Orc:2)
  3 wyverns
  2 shadows
  3 vampires
  72 yaks
  10 fire bats (Lair:3)
  2 fire elementals
  A steam dragon (D:10)
  2 basilisks
  A hungry ghost (D:10)
  26 vampire mosquitoes
  18 hippogriffs
  A chaos spawn (Orc:2)
  A human (D:7)
  A neqoxec (Orc:2)
  22 swamp worms
  2 wargs (Orc:1)
  9 water moccasins
  3 hell hounds
  16 porcupines
  44 orc warriors
  21 swamp drakes
  A necrophage (D:14)
  9 wasps
  2 phantoms
  An ice beast (D:13)
  2 sky beasts
  2 eyes of draining
  10 ogres
  17 crocodiles
  31 centaurs
  12 wolves
  A big kobold (D:7)
  26 giant frogs
  3 scorpions
  17 killer bees
  3 electric eels
  2 howler monkeys (D:7)
  12 wights
  2 giant frog zombies
  4 crimson imps
  4 centaur skeletons
  3 jellies
  A lava snake (Lair:3)
  2 hounds
  27 orc priests
  5 giant frog skeletons
  Terence (D:3)
  11 iguanas
  16 orc wizards
  8 worker ants
  31 sheep
  A hound zombie (D:8)
  4 hound skeletons
  A worker ant zombie (D:5)
  2 howler monkey zombies
  8 gnolls
  A howler monkey skeleton (D:5)
  53 river rats
  19 adders
  2 shadow imps
  An adder zombie (D:10)
  An adder skeleton (D:10)
  A worm (D:3)
  8 giant geckos
  127 orcs
  2 bats (D:1)
  3 giant cockroaches
  9 goblins
  11 hobgoblins
  3 quokkas
  2 ball pythons (D:1)
  A ball python skeleton (D:4)
  A giant gecko skeleton (D:5)
  A giant gecko zombie (D:5)
  3 giant newts
  A jackal skeleton (D:5)
  13 kobolds
  8 rats
  A fungus (D:8)
1079 creatures vanquished.

Vanquished Creatures (collateral kills)
  2 hydras (Swamp:4)
  2 swamp dragons
  An orange demon (Orc:2)
  4 bog bodies (Swamp:4)
  A vampire mosquito (Swamp:3)
  An orc warrior (Orc:2)
  An orc priest (Orc:2)
12 creatures vanquished.

Vanquished Creatures (others)
  A hydra (D:2)
  A giant leech (Swamp:1)
  A yak (D:13)
  A centaur (Lair:8)
  4 briar patches
  21 fungi
  7 plants
36 creatures vanquished.

Grand Total: 1127 creatures vanquished

Notes
Turn   | Place    | Note
--------------------------------------------------------------
     0 | D:1      | rjaguar3 the Minotaur Berserker began the quest for the Orb.
     0 | D:1      | Reached XP level 1. HP: 19/19 MP: 0/0
    38 | D:1      | Reached XP level 2. HP: 26/27 MP: 1/1
   110 | D:1      | Reached skill level 4 in Maces & Flails
   483 | D:1      | Reached XP level 3. HP: 32/34 MP: 2/2
   901 | D:2      | Reached ** piety under Trog
  1087 | D:2      | Found an oddly glowing altar of Pakellas.
  1087 | D:2      | Noticed a six-headed hydra
  1096 | D:2      | Killed a six-headed hydra
  1300 | D:2      | Found a shimmering altar of Xom.
  1319 | D:2      | Reached XP level 4. HP: 30/41 MP: 0/3
  1679 | D:2      | Reached skill level 5 in Maces & Flails
  1688 | D:2      | Reached skill level 5 in Fighting
  2293 | D:3      | Noticed Terence
  2301 | D:3      | Killed Terence
  2301 | D:3      | Reached XP level 5. HP: 48/48 MP: 4/4
  2560 | D:3      | Reached *** piety under Trog
  2863 | D:4      | Noticed an ogre
  2874 | D:4      | Killed an ogre
  2874 | D:4      | Reached skill level 6 in Maces & Flails
  2877 | D:4      | Reached XP level 6. HP: 42/57 MP: 5/5
  3037 | D:4      | Reached skill level 7 in Maces & Flails
  3050 | D:4      | Reached XP level 7. HP: 60/64 MP: 6/6
  3408 | D:4      | Reached skill level 8 in Maces & Flails
  3608 | D:5      | Entered Level 5 of the Dungeon
  3650 | D:5      | Noticed Prince Ribbit
  3662 | D:5      | Killed Prince Ribbit
  3776 | D:5      | Reached **** piety under Trog
  3842 | D:5      | Reached skill level 9 in Maces & Flails
  3842 | D:5      | Reached skill level 1 in Throwing
  3842 | D:5      | Reached XP level 8. HP: 67/74 MP: 7/7
  4431 | D:5      | Reached skill level 1 in Slings
  4718 | D:6      | Reached skill level 5 in Armour
  4844 | D:6      | Found a bloodstained altar of Trog.
  5297 | D:7      | Reached skill level 10 in Maces & Flails
  5309 | D:7      | Received a gift from Trog
  5443 | D:7      | Found a staircase to the Ecumenical Temple.
  5497 | D:7      | Found a white marble altar of Elyvilon.
  5500 | D:7      | Found a shattered altar of Ashenzari.
  5611 | D:7      | Found an iron altar of Okawaru.
  5611 | D:7      | Found a sparkling altar of Nemelex Xobeh.
  5611 | D:7      | Found a shadowy altar of Dithmenos.
  5611 | D:7      | Found a deep blue altar of Sif Muna.
  5617 | D:7      | Found a shimmering altar of Xom.
  5754 | D:7      | Reached XP level 9. HP: 24/82 MP: 8/8
  5961 | D:7      | Reached skill level 11 in Maces & Flails
  6213 | D:8      | Found a staircase to the Lair.
  6223 | Lair:1   | Entered Level 1 of the Lair of Beasts
  6269 | Lair:1   | Noticed a spiny frog
  6273 | Lair:1   | Killed a spiny frog
  6284 | Lair:1   | Reached ***** piety under Trog
  6288 | Lair:1   | Reached skill level 1 in Evocations
  6425 | Lair:1   | Reached skill level 10 in Fighting
  6493 | Lair:1   | Reached XP level 10. HP: 93/93 MP: 10/10
  6633 | Lair:1   | Reached skill level 12 in Maces & Flails
  6659 | Lair:1   | Noticed a black mamba
  6671 | Lair:1   | Killed a black mamba
  7317 | Lair:2   | Noticed a spiny frog
  7321 | Lair:2   | Killed a spiny frog
  7992 | Lair:2   | Noticed a six-headed hydra
  8000 | Lair:2   | Killed a six-headed hydra
  8000 | Lair:2   | Reached skill level 13 in Maces & Flails
  8046 | Lair:2   | Reached skill level 5 in Dodging
  8046 | Lair:2   | Reached XP level 11. HP: 95/102 MP: 12/12
  8590 | Lair:3   | Noticed a five-headed hydra
  8612 | Lair:2   | Received a gift from Trog
  8885 | Lair:3   | Killed a five-headed hydra
  9462 | Lair:3   | Reached skill level 14 in Maces & Flails
  9776 | Lair:3   | Reached skill level 5 in Evocations
 10551 | Lair:3   | Reached XP level 12. HP: 103/113 MP: 14/14
 10746 | Lair:3   | Noticed a six-headed hydra
 10852 | Lair:3   | Killed a six-headed hydra
 11437 | Lair:4   | Reached skill level 15 in Maces & Flails
 11634 | Lair:4   | Identified the Papyrus of Bewitching Poisoning
 11645 | Lair:4   | Found a glowing silver altar of Zin.
 11743 | Lair:4   | Noticed a death yak
 11747 | Lair:4   | Noticed a death yak
 11748 | Lair:4   | Noticed a death yak
 11751 | Lair:4   | Killed a death yak
 11759 | Lair:4   | Killed a death yak
 11765 | Lair:4   | Killed a death yak
 12293 | Lair:5   | Reached ****** piety under Trog
 12326 | Lair:5   | Reached skill level 10 in Armour
 12346 | Lair:5   | Received a gift from Trog
 12396 | Lair:5   | Reached XP level 13. HP: 43/123 MP: 5/16
 12752 | Lair:5   | Found a staircase to the Swamp.
 13422 | Lair:5   | Reached skill level 16 in Maces & Flails
 14470 | Lair:6   | Found a hole to the Spider Nest.
 14568 | Lair:6   | Received a gift from Trog
 15329 | Lair:7   | Found a staircase to the Slime Pits.
 15329 | Lair:7   | Found a viscous altar of Jiyva.
 16265 | D:8      | Found an ancient bone altar of Kikubaaqudgha.
 16687 | D:9      | Found Sejo's Book Shop.
 16763 | D:9      | Found a flagged portal.
 16773 | Bailey   | Entered a bailey
 16786 | Bailey   | Reached skill level 17 in Maces & Flails
 16795 | Bailey   | Received a gift from Trog
 17052 | Bailey   | Reached skill level 15 in Fighting
 17789 | D:10     | Entered Level 10 of the Dungeon
 17869 | D:10     | Noticed Urug
 17879 | D:10     | Killed Urug
 18043 | D:10     | Noticed Joseph
 18062 | D:10     | Killed Joseph
 18270 | D:10     | Received a gift from Trog
 18359 | D:10     | Found a staircase to the Orcish Mines.
 18374 | Orc:1    | Entered Level 1 of the Orcish Mines
 18374 | Orc:1    | Noticed an ettin
 18381 | Orc:1    | Killed an ettin
 18381 | Orc:1    | Reached XP level 14. HP: 135/135 MP: 6/18
 18603 | Orc:2    | Entered Level 2 of the Orcish Mines
 18708 | Orc:2    | Found a staircase to the Elven Halls.
 19093 | Orc:2    | Found Xaofed's Magic Scroll Shop.
 19095 | Orc:2    | Found Tyckat's Distillery.
 19158 | Orc:2    | Received a gift from Trog
 19228 | Orc:2    | Gained mutation: You are frail (-10% HP). [a neqoxec]
 19302 | Orc:2    | Bought a scroll of enchant weapon for 127 gold pieces
 19302 | Orc:2    | Bought a scroll of identify for 34 gold pieces
 19302 | Orc:2    | Bought a scroll of identify for 34 gold pieces
 19302 | Orc:2    | Bought a scroll of identify for 34 gold pieces
 19305 | Orc:2    | Bought a potion of heal wounds for 75 gold pieces
 19305 | Orc:2    | Bought a potion of cancellation for 120 gold pieces
 19305 | Orc:2    | Bought a potion of curing for 45 gold pieces
 19305 | Orc:2    | Bought a potion of degeneration for 15 gold pieces
 19305 | Orc:2    | Bought a potion of curing for 45 gold pieces
 19305 | Orc:2    | Bought 2 potions of agility for 120 gold pieces
 19305 | Orc:2    | Bought 2 potions of flight for 90 gold pieces
 19305 | Orc:2    | Bought a potion of curing for 45 gold pieces
 19507 | Orc:2    | Reached skill level 18 in Maces & Flails
 20461 | Orc:2    | Paralysed by an orc sorcerer for 3 turns
 20477 | Orc:2    | Found Kiloen's Antique Armour Emporium.
 20477 | Orc:2    | Found Adoupp's Gadget Shoppe.
 20477 | Orc:2    | Found a one-way gate leading to the halls of Pandemonium.
 20528 | Orc:2    | Bought a glowing buckler for 148 gold pieces
 21047 | D:11     | Received a gift from Trog
 21852 | D:12     | Found Xoraruci's Magic Scroll Boutique.
 21855 | D:12     | Bought a scroll of identify for 22 gold pieces
 21855 | D:12     | Bought 2 scrolls of identify for 44 gold pieces
 21855 | D:12     | Bought a scroll of enchant weapon for 82 gold pieces
 21855 | D:12     | Bought a scroll of identify for 22 gold pieces
 21855 | D:12     | Bought a scroll of identify for 22 gold pieces
 21855 | D:12     | Bought a scroll of fear for 38 gold pieces
 21855 | D:12     | Bought a scroll of identify for 22 gold pieces
 22515 | D:12     | Received a gift from Trog
 22532 | D:12     | Got a shimmering morningstar {god gift}
 22533 | D:12     | Identified the +11 morningstar of the Original Sin {holy, Int+3} (Trog gifted it to you on level 12 of the Dungeon)
 23303 | D:13     | Found a gate to the Vaults.
 23348 | D:13     | Reached skill level 19 in Maces & Flails
 23490 | D:13     | Reached XP level 15. HP: 103/130 MP: 6/20
 24525 | D:14     | Noticed Azrael
 25856 | D:14     | Killed Azrael
 26188 | D:14     | Noticed Sonja
 26193 | D:14     | Killed Sonja
 26839 | Lair:8   | Entered Level 8 of the Lair of Beasts
 27010 | Lair:8   | Received a gift from Trog
 27144 | Lair:8   | Reached skill level 20 in Maces & Flails
 27903 | Lair:7   | Received a gift from Trog
 28655 | Lair:8   | Found a shattered altar of Ashenzari.
 28775 | Lair:8   | Noticed Rupert
 28786 | Lair:8   | Killed Rupert
 28786 | Lair:8   | Reached XP level 16. HP: 141/141 MP: 7/21
 29045 | Swamp:1  | Entered Level 1 of the Swamp
 29056 | Swamp:1  | Received a gift from Trog
 30623 | Swamp:2  | Reached skill level 21 in Maces & Flails
 30991 | Swamp:2  | Received a gift from Trog
 31254 | Swamp:3  | Noticed a thorn hunter
 31270 | Swamp:3  | Killed a thorn hunter
 31518 | Swamp:3  | Noticed a thorn hunter
 31532 | Swamp:3  | Killed a thorn hunter
 31607 | Swamp:3  | Noticed a thorn hunter
 31613 | Swamp:3  | Killed a thorn hunter
 31745 | Swamp:3  | Noticed raph's ghost (adept MiFi)
 31775 | Swamp:4  | Entered Level 4 of the Swamp
 31814 | Swamp:4  | Noticed Aizul
 31828 | Swamp:4  | Killed Aizul
 32039 | Swamp:4  | Noticed a thorn hunter
 32253 | Swamp:4  | Reached skill level 5 in Throwing
 32415 | Swamp:4  | Killed a thorn hunter
 32748 | Swamp:4  | Noticed the 27-headed Lernaean hydra
 32780 | Swamp:3  | Killed the 26-headed Lernaean hydra
 33218 | Swamp:4  | Reached XP level 17. HP: 120/149 MP: 7/23
 33254 | Swamp:4  | Reached skill level 10 in Evocations
 33376 | Swamp:4  | Received a gift from Trog
 33439 | Swamp:4  | Reached skill level 10 in Dodging
 34109 | Swamp:4  | HP: 3/149 [seven-headed hydra[a spriggan druid] (14)]
 34109 | Swamp:4  | Slain by a spriggan rider

Skill      XL: |  1  2  3  4  5  6  7  8  9 10 11 12 13 14 15 16 17 |
---------------+----------------------------------------------------+-----
Fighting       | 4 5 6 7 8 10 11 12 13 15 16 17 18 | 18.8
Maces & Flails | 4 5 6 7 9 10 11 13 14 15 17 19 20 21 | 21.9
Armour         | 4 6 7 9 10 11 12 | 12.1
Throwing       | 1 2 3 4 5 |  5.6
Slings         | 1 |  1.4
Evocations     | 2 3 5 6 7 8 9 10 | 10.1
Dodging        | 3 5 6 7 8 9 10 | 10.1

Action                   |  1- 3 |  4- 6 |  7- 9 | 10-12 | 13-15 | 16-18 || total
-------------------------+-------+-------+-------+-------+-------+-------++-------
Melee: Mace              |    84 |    93 |   159 |       |       |       ||   336
       Headbutt          |     9 |    17 |    79 |   175 |   420 |   166 ||   866
       Flail             |       |       |   160 |   579 |       |       ||   739
       Dire flail        |       |       |       |    15 |  1517 |   516 ||  2048
 Fire: Hunting sling     |       |       |     4 |       |       |       ||     4
Throw: Tomahawk          |       |     3 |    14 |    12 |    92 |    75 ||   196
       Javelin           |       |       |       |       |       |     3 ||     3
Invok: Berserk           |       |     3 |     5 |    15 |    36 |    14 ||    73
       Trog's Hand       |       |       |     2 |     2 |     8 |     6 ||    18
       Burn Spellbooks   |       |       |       |       |     2 |       ||     2
       Brothers in Arms  |       |       |       |       |     2 |     4 ||     6
Evoke: Wand              |       |       |       |       |       |     3 ||     3
  Use: Scroll            |       |       |     2 |     7 |    38 |     5 ||    52
       Potion            |       |       |       |     1 |     6 |     5 ||    12
 Stab: Petrified         |       |       |       |       |     5 |       ||     5
       Petrifying        |       |       |       |       |     1 |       ||     1
  Eat: Chunk             |     1 |     8 |    16 |    32 |    70 |    16 ||   143
       Beef jerky        |       |       |     1 |     2 |     3 |     2 ||     8
       Fruit             |       |       |       |       |     4 |       ||     4
       Meat ration       |       |       |       |       |     1 |     3 ||     4
       Pizza             |       |       |       |       |     5 |       ||     5
Armor: Animal skin       |    14 |     2 |       |       |       |       ||    16
       Scale mail        |       |    21 |   167 |   232 |   358 |   183 ||   961
Dodge: Dodged            |    64 |    58 |   159 |   371 |   836 |   377 ||  1865
Block: Other             |       |       |       |       |   116 |   105 ||   221
       Reflection        |       |       |       |       |    14 |     3 ||    17
